Avalanche vs BlueJackets

Created - Saturday, January 23, 2016 at 01:19

Goals
1 2 3 OT1 T
Avalanche 3 1 2 1 7
BlueJackets 2 2 2 0 6
Shots
1 2 3 OT1 T
Avalanche 9 8 13 2 32
BlueJackets 8 16 6 0 30

1st period

1. BlueJackets , Victor Rask 14 (Chris Thorburn) at 1:02
2. BlueJackets , Nick Shore 2 (Chris Thorburn) at 9:48 (SH)
3. Avalanche , Scott Hartnell 33 (Ryan O'Reilly) at 13:03
4. Avalanche , Bobby Ryan 26 (Scott Hartnell, Jason Zucker) at 16:04 (PP)
5. Avalanche , Bobby Ryan 27 (David Pastrnak) at 16:50

Penalties :
Brad Stuart (Col) for Tripping (Minor) at 2:49, Dan Hamhuis (Col) for Holding Stick (Minor) at 6:25, Chris Wagner (Clb) for Interference (Minor) at 8:54, Ryan Garbutt (Clb) for High sticking (Minor) at 15:35

2nd period

6. BlueJackets , Sam Gagner 14 (Matt Nieto, Teddy Purcell) at 3:16 (PP)
7. BlueJackets , Derek Dorsett 1 (Brian Dumoulin, Raphael Diaz) at 10:29
8. Avalanche , Jason Zucker 30 (Ryan O'Reilly, Bobby Ryan) at 14:37 (PP)

Penalties :
Scott Hartnell (Col) for High sticking (Minor) at 2:50, Joffrey Lupul (Col) for High sticking (Minor) at 5:28, Nate Prosser (Col) for Roughing (Minor) at 7:56, Derek Dorsett (Clb) for Boarding (Minor) at 14:23

3rd period

9. BlueJackets , Derek Dorsett 2 (Carl Klingberg) at 4:06
10. BlueJackets , Ryan Garbutt 12 (Seth Helgeson, Victor Rask) at 4:22
11. Avalanche , David Pastrnak 11 (Matt Dumba, Bobby Ryan) at 10:05
12. Avalanche , Bobby Ryan 28 (Matt Dumba, Nate Prosser) at 18:56

Penalties :
Scott Hartnell (Col) for Hooking (Minor) at 4:27, Jonas Brodin (Col) for Slashing (Minor) at 7:37, Chris Wagner (Clb) for Tripping (Minor) at 13:00

Overtime #1

13. Avalanche , Ryan O'Reilly 22 (Jason Zucker, Scott Hartnell) at 0:08

Penalties :
No Penalty

Goalie Stats

Jack Campbell (Col), 3 saves from 3 shots - (1.000), W, 4-3-0, 15:46 minutes
Eddie Lack (Col), 21 saves from 27 shots - (0.778), 44:22 minutes
Anders Lindback (Clb), 25 saves from 32 shots - (0.781), OTL, 2-7-1, 60:08 minutes

Players Stats for Avalanche

Player Name              G  A  P  +/- PIM S  H  SB GA TA FO     MP     PP MP  PK MP  
------------------------------------------------------------------------------------
Andrej Nestrasil         0  0  0   0  0   0  0  0  2  1  2/3     4:39   0:00   0:00 
Bobby Ryan               3  2  5   1  0   6  1  0  4  0  0/1    17:19   2:31   0:38 
Brad Stuart              0  0  0   0  2   3  2  0  0  3  0/0    23:39   0:00   7:15 
Colton Sceviour          0  0  0  -1  0   1  2  0  1  0  1/2     8:29   0:00   2:59 
Dan Hamhuis              0  0  0  -1  2   0  3  2  0  6  0/0    24:13   1:27   6:42 
David Pastrnak           1  1  2   1  0   1  0  0  2  0  0/0    15:29   1:27   0:00 
David Rundblad           0  0  0   1  0   0  0  1  0  0  0/0    14:09   0:00   0:00 
Jason Zucker             1  2  3   0  0   3  1  0  2  2  2/2    20:29   3:14   5:27 
Joffrey Lupul            0  0  0  -1  2   2  1  2  2  0  1/1    14:52   2:10   0:00 
Jonas Brodin             0  0  0  -1  2   2  0  0  0  1  0/0    22:57   0:00   5:53 
Mark Scheifele           0  0  0   2  0   1  0  0  1  0  5/12   15:47   2:10   0:00 
Matt Dumba               0  2  2   1  0   1  1  0  0  0  0/0    15:49   3:14   1:18 
Matt Moulson             0  0  0  -1  0   2  0  1  0  0  0/0    14:44   2:10   0:00 
Nate Prosser             0  1  1  -1  2   2  0  0  0  0  0/0    15:11   0:00   3:32 
Rickard Rakell           0  0  0  -1  0   2  2  1  0  0  7/12   16:18   0:13   1:50 
Ryan O'Reilly            1  2  3   0  0   4  1  0  5  4  13/22  24:24   2:18   7:40 
Scott Hartnell           1  2  3   0  4   2  4  0  2  0  0/1    19:37   2:31   6:06 
Zach Redmond             0  0  0   0  0   0  0  0  0  0  0/0     0:00   0:00   0:00 

Players Stats for BlueJackets

Player Name              G  A  P  +/- PIM S  H  SB GA TA FO     MP     PP MP  PK MP  
------------------------------------------------------------------------------------
Andrej Meszaros          0  0  0  -1  0   1  0  2  2  3  0/0    26:17   6:24   3:08 
Brian Dumoulin           0  1  1  -2  0   2  1  0  0  1  0/0    18:16   5:56   0:00 
Carl Klingberg           0  1  1   0  0   2  0  0  0  0  6/10   14:47   0:00   0:00 
Chad Ruhwedel            0  0  0   0  0   0  0  1  0  0  0/0    13:03   0:00   1:33 
Chris Thorburn           0  2  2   1  0   0  1  0  0  0  1/1    19:04   5:33   0:56 
Chris Wagner             0  0  0   0  4   0  1  0  0  0  1/3    15:59   0:00   0:29 
Derek Dorsett            2  0  2   0  2   4  1  1  2  0  0/0    14:46   0:00   0:00 
Kevin Connauton          0  0  0   0  0   0  0  0  0  0  0/0     0:00   0:00   0:00 
Magnus Paajarvi          0  0  0   0  0   1  0  0  0  0  0/3     5:15   0:00   0:00 
Matt Nieto               0  1  1   0  0   3  1  0  2  0  0/0    17:41   6:47   0:32 
Nick Shore               1  0  1   1  0   1  1  0  0  0  0/0     7:04   0:00   1:20 
Patrick Wiercioch        0  0  0  -2  0   3  1  1  0  2  0/0    26:25   6:24   3:08 
Raphael Diaz             0  1  1   2  0   1  0  1  1  0  0/0    13:22   0:00   0:00 
Ryan Garbutt             1  0  1  -1  2   3  1  2  3  3  2/6    20:06   5:33   2:20 
Sam Gagner               1  0  1   0  0   5  1  0  6  1  5/16   22:56   6:47   0:32 
Seth Helgeson            0  1  1   3  0   0  3  1  0  1  0/0    22:53   5:56   1:33 
Teddy Purcell            0  1  1  -1  0   1  2  0  4  2  0/0    20:14   6:47   3:13 
Victor Rask              1  1  2   0  0   3  1  0  5  0  10/17  17:39   5:33   0:00 

3 Stars

1 - Bobby Ryan (Col)
2 - Ryan O'Reilly (Col)
3 - Jason Zucker (Col)

Power Play

Avalanche - 2 on 4 Attempt(s) - 50.00%
BlueJackets - 1 on 7 Attempt(s) - 14.29%

Penalty Kill

Avalanche - 6 on 7 Attempt(s) - 85.71% - Score 0 goal in Penalty Kill
BlueJackets - 2 on 4 Attempt(s) - 50.00% - Score 1 goal in Penalty Kill

Team Stat

Avalanche - Hits : 18 - Faceoff Wins : 31 - Blocked Shots : 7 - Penalty Minutes : 14
BlueJackets - Hits : 15 - Faceoff Wins : 25 - Blocked Shots : 9 - Penalty Minutes : 8

Official

Referees : Unknown
Linesman : Unknown

Game Notes

Jack Campbell enters game at 4:22 of 3rd period
Bobby Ryan has scored a Hat Trick!

Finance

Level 1 -- Attendance: 4051 (67.52%) -- Ticket Income $405,100
Level 2 -- Attendance: 3636 (72.72%) -- Ticket Income $218,160
Level 3 -- Attendance: 1444 (72.20%) -- Ticket Income $50,540
Level 4 -- Attendance: 3184 (79.60%) -- Ticket Income $63,680
Luxury Box -- Attendance: 705 (70.50%) -- Ticket Income $141,000
Game was played at the Nationwide Arena.
Total Attendance: 13020 (72.33%)
Total Ticket Income: $878,480
Other Income: $430,455
Total Income: $1,308,935

Avalanche

5 vs 5 Forward 
   Center                   Left Wing                Right Wing               Time % Phy DF OF 
 1 Ryan O'Reilly            Scott Hartnell           Jason Zucker             40     0   4  1  
 2 Mark Scheifele           David Pastrnak           Bobby Ryan               30     0   2  3  
 3 Rickard Rakell           Matt Moulson             Joffrey Lupul            20     0   4  1  
 4 Andrej Nestrasil         Colton Sceviour          Ryan O'Reilly            10     0   4  1  

5 vs 5 Defense 
   Defense                  Defense                                           Time % Phy DF OF 
 1 Brad Stuart              Jonas Brodin                                      35     0   5  0  
 2 Dan Hamhuis              David Rundblad                                    30     0   2  3  
 3 Matt Dumba               Nate Prosser                                      22     0   5  0  
 4 Brad Stuart              Jonas Brodin                                      13     1   4  0  

PowerPlay Forward 
   Center                   Left Wing                Right Wing               Time % Phy DF OF 
 1 Ryan O'Reilly            Scott Hartnell           Bobby Ryan               70     0   0  5  
 2 Mark Scheifele           Matt Moulson             Joffrey Lupul            30     0   0  5  

PowerPlay Defense
   Defense                  Defense                                           Time % Phy DF OF 
 1 Jason Zucker             Matt Dumba                                        70     0   0  5  
 2 David Pastrnak           Dan Hamhuis                                       30     0   0  5  

Penalty Kill 4 Players Forward 
   Center                   Wing                     Time % Phy DF OF 
 1 Ryan O'Reilly            Scott Hartnell           60     0   5  0  
 2 Colton Sceviour          Jason Zucker             40     0   5  0  

Penalty Kill 4 Players Defense
   Defense                  Defense                  Time % Phy DF OF 
 1 Brad Stuart              Dan Hamhuis              60     1   4  0  
 2 Jonas Brodin             Nate Prosser             40     1   4  0  

Penalty Kill - 3 Players Forward 
   Forward                                           Time % Phy DF OF 
 1 Ryan O'Reilly                                     60     1   4  0  
 2 Scott Hartnell                                    40     1   4  0  

Penalty Kill - 3 Players Defense
   Defense                  Defense                  Time % Phy DF OF 
 1 Brad Stuart              Dan Hamhuis              60     1   4  0  
 2 Jonas Brodin             Nate Prosser             40     1   4  0  

4 vs 4 Forward 
   Center                   Wing                     Time % Phy DF OF 
 1 Ryan O'Reilly            Scott Hartnell           60     0   0  5  
 2 Mark Scheifele           Bobby Ryan               40     0   0  5  

4 vs 4 Defense
   Defense                  Defense                  Time % Phy DF OF 
 1 Jason Zucker             Matt Dumba               60     0   0  5  
 2 David Pastrnak           Dan Hamhuis              40     0   0  5  

Last Minutes Offensive
   Center                   Left Wing                Right Wing               Defense                  Defense                  
   Ryan O'Reilly            Scott Hartnell           Bobby Ryan               Jason Zucker             Matt Dumba               

Last Minutes Defensive
   Center                   Left Wing                Right Wing               Defense                  Defense                  
   Ryan O'Reilly            Colton Sceviour          Mark Scheifele           Brad Stuart              Dan Hamhuis              

Goaltenders
Starting : Eddie Lack               
Backup : Jack Campbell            

Extra Forwards
Normal : Jason Zucker, Scott Hartnell, Ryan O'Reilly - PP : Jason Zucker, Scott Hartnell - PK : Jason Zucker
Extra Defensemen
Normal : Matt Dumba, David Rundblad, Dan Hamhuis - PP : Matt Dumba - PK : Jonas Brodin, Brad Stuart
Penalty Shots
Joffrey Lupul, Ryan O'Reilly, Rickard Rakell, Colton Sceviour, Bobby Ryan

BlueJackets

5 vs 5 Forward 
   Center                   Left Wing                Right Wing               Time % Phy DF OF 
 1 Sam Gagner               Teddy Purcell            Matt Nieto               35     1   2  2  
 2 Victor Rask              Ryan Garbutt             Chris Thorburn           30     1   2  2  
 3 Carl Klingberg           Chris Wagner             Derek Dorsett            22     1   2  2  
 4 Magnus Paajarvi          Nick Shore               Sam Gagner               13     1   2  2  

5 vs 5 Defense 
   Defense                  Defense                                           Time % Phy DF OF 
 1 Andrej Meszaros          Patrick Wiercioch                                 35     1   2  2  
 2 Raphael Diaz             Seth Helgeson                                     30     1   2  2  
 3 Brian Dumoulin           Chad Ruhwedel                                     22     1   2  2  
 4 Andrej Meszaros          Patrick Wiercioch                                 13     1   2  2  

PowerPlay Forward 
   Center                   Left Wing                Right Wing               Time % Phy DF OF 
 1 Sam Gagner               Teddy Purcell            Matt Nieto               60     1   2  2  
 2 Victor Rask              Ryan Garbutt             Chris Thorburn           40     1   2  2  

PowerPlay Defense
   Defense                  Defense                                           Time % Phy DF OF 
 1 Andrej Meszaros          Patrick Wiercioch                                 60     1   2  2  
 2 Brian Dumoulin           Seth Helgeson                                     40     1   2  2  

Penalty Kill 4 Players Forward 
   Center                   Wing                     Time % Phy DF OF 
 1 Ryan Garbutt             Teddy Purcell            60     1   2  2  
 2 Sam Gagner               Matt Nieto               40     1   2  2  

Penalty Kill 4 Players Defense
   Defense                  Defense                  Time % Phy DF OF 
 1 Andrej Meszaros          Patrick Wiercioch        60     1   2  2  
 2 Chad Ruhwedel            Seth Helgeson            40     1   2  2  

Penalty Kill - 3 Players Forward 
   Forward                                           Time % Phy DF OF 
 1 Matt Nieto                                        60     1   2  2  
 2 Teddy Purcell                                     40     1   2  2  

Penalty Kill - 3 Players Defense
   Defense                  Defense                  Time % Phy DF OF 
 1 Chad Ruhwedel            Patrick Wiercioch        60     1   2  2  
 2 Andrej Meszaros          Seth Helgeson            40     1   2  2  

4 vs 4 Forward 
   Center                   Wing                     Time % Phy DF OF 
 1 Ryan Garbutt             Teddy Purcell            60     1   2  2  
 2 Sam Gagner               Matt Nieto               40     1   2  2  

4 vs 4 Defense
   Defense                  Defense                  Time % Phy DF OF 
 1 Brian Dumoulin           Patrick Wiercioch        60     1   2  2  
 2 Andrej Meszaros          Seth Helgeson            40     1   2  2  

Last Minutes Offensive
   Center                   Left Wing                Right Wing               Defense                  Defense                  
   Sam Gagner               Teddy Purcell            Matt Nieto               Andrej Meszaros          Patrick Wiercioch        

Last Minutes Defensive
   Center                   Left Wing                Right Wing               Defense                  Defense                  
   Sam Gagner               Teddy Purcell            Matt Nieto               Andrej Meszaros          Patrick Wiercioch        

Goaltenders
Starting : Anders Lindback          
Backup : Joni Ortio               

Extra Forwards
Normal : Sam Gagner, Matt Nieto, Teddy Purcell - PP : Matt Nieto, Teddy Purcell - PK : Teddy Purcell
Extra Defensemen
Normal : Brian Dumoulin, Chad Ruhwedel, Patrick Wiercioch - PP : Brian Dumoulin - PK : Chad Ruhwedel, Patrick Wiercioch
Penalty Shots
Chris Thorburn, Teddy Purcell, Sam Gagner, Matt Nieto, Ryan Garbutt

% Time on Ice - Avalanche

Lines # - Real PCT - Wanted PCT - Time Play
Normal Forward
1 - 26% - 40% - 11:21
2 - 34% - 30% - 14:28
3 - 29% - 20% - 12:31
4 - 11% - 10% - 4:39
Normal Defense
1 - 34% - 35% - 14:37
2 - 37% - 30% - 15:42
3 - 25% - 22% - 10:35
4 - 5% - 13% - 2:05
PP Forward
1 - 54% - 70% - 2:31
2 - 46% - 30% - 2:10
PP Defense
1 - 69% - 70% - 3:14
2 - 31% - 30% - 1:27
PK Forward
1 - 76% - 60% - 9:21
2 - 24% - 40% - 2:59
PK Defense
1 - 62% - 60% - 7:36
2 - 38% - 40% - 4:44
PK3 Forward
1 - 0% - 60%
2 - 0% - 40%
PK3 Defense
1 - 0% - 60%
2 - 0% - 40%
44 Forward
1 - 100% - 60% - 0:08
2 - 0% - 40% - 0:00
44 Defense
1 - 100% - 60% - 0:08
2 - 0% - 40% - 0:00
Last Minute Offensive  - 0:00
Last Minute Defensive  - 0:00
Total
Forward - 60:08
Defense - 60:08

% Time on Ice - BlueJackets

Lines # - Real PCT - Wanted PCT - Time Play
Normal Forward
1 - 25% - 35% - 10:35
2 - 29% - 30% - 12:22
3 - 34% - 22% - 14:47
4 - 12% - 13% - 5:15
Normal Defense
1 - 34% - 35% - 14:32
2 - 36% - 30% - 15:24
3 - 25% - 22% - 10:50
4 - 5% - 13% - 2:13
PP Forward
1 - 55% - 60% - 6:47
2 - 45% - 40% - 5:33
PP Defense
1 - 52% - 60% - 6:24
2 - 48% - 40% - 5:56
PK Forward
1 - 89% - 60% - 4:09
2 - 11% - 40% - 0:32
PK Defense
1 - 67% - 60% - 3:08
2 - 33% - 40% - 1:33
PK3 Forward
1 - 0% - 60%
2 - 0% - 40%
PK3 Defense
1 - 0% - 60%
2 - 0% - 40%
44 Forward
1 - 100% - 60% - 0:08
2 - 0% - 40% - 0:00
44 Defense
1 - 100% - 60% - 0:08
2 - 0% - 40% - 0:00
Last Minute Offensive  - 0:00
Last Minute Defensive  - 0:00
Total
Forward - 60:08
Defense - 60:08

Play by Play

1st period


0:01 of 1st period - Jason Zucker wins face-off versus Sam Gagner in neutral zone.
0:34 of 1st period - Slapshot by Ryan O'Reilly.
0:34 of 1st period - Stopped by Anders Lindback without a rebound.
0:35 of 1st period - Victor Rask wins face-off versus Mark Scheifele in BlueJackets zone.
0:48 of 1st period - Wrist shot by Bobby Ryan.
0:48 of 1st period - Deflect By Mark Scheifele.
0:48 of 1st period - Shot Blocked by Ryan Garbutt.
0:48 of 1st period - Puck is out of play.
0:49 of 1st period - Victor Rask wins face-off versus Mark Scheifele in BlueJackets zone.
1:02 of 1st period - Wrist shot by Victor Rask.
1:02 of 1st period - Goal by Victor Rask - Avalanche : 0 - BlueJackets : 1.
1:03 of 1st period - Carl Klingberg wins face-off versus Rickard Rakell in neutral zone.
1:38 of 1st period - Snap shot by Carl Klingberg.
1:38 of 1st period - Shot Misses the Net.
1:40 of 1st period - Slapshot by Chad Ruhwedel.
1:40 of 1st period - Deflect By Carl Klingberg.
1:40 of 1st period - Stopped by Eddie Lack with a rebound.
2:06 of 1st period - Snap shot by Magnus Paajarvi.
2:06 of 1st period - Stopped by Eddie Lack without a rebound.
2:07 of 1st period - Victor Rask wins face-off versus Ryan O'Reilly in Avalanche zone.
2:49 of 1st period - Minor Penalty to Brad Stuart for Tripping.
2:50 of 1st period - Ryan O'Reilly wins face-off versus Sam Gagner in Avalanche zone.
4:49 of 1st period - Penalty to Brad Stuart is over, Brad Stuart is back on ice.
5:14 of 1st period - Brad Stuart is hit by Seth Helgeson and loses puck.
5:27 of 1st period - Snap shot by David Pastrnak.
5:27 of 1st period - Deflect By Mark Scheifele.
5:27 of 1st period - Stopped by Anders Lindback without a rebound.
5:28 of 1st period - Rickard Rakell wins face-off versus Victor Rask in BlueJackets zone.
5:41 of 1st period - Victor Rask is hit by Rickard Rakell and loses puck.
6:25 of 1st period - Minor Penalty to Dan Hamhuis for Holding Stick.
6:26 of 1st period - Sam Gagner wins face-off versus Ryan O'Reilly in Avalanche zone.
6:44 of 1st period - Slapshot by Sam Gagner.
6:44 of 1st period - Stopped by Eddie Lack with a rebound.
6:56 of 1st period - Wrist shot by Victor Rask.
6:56 of 1st period - Shot Misses the Net.
8:25 of 1st period - Penalty to Dan Hamhuis is over, Dan Hamhuis is back on ice.
8:33 of 1st period - Chris Wagner is hit by Dan Hamhuis and loses puck.
8:54 of 1st period - Minor Penalty to Chris Wagner for Interference.
8:55 of 1st period - Mark Scheifele wins face-off versus Ryan Garbutt in BlueJackets zone.
9:48 of 1st period - Backhand shot by Nick Shore.
9:48 of 1st period - Goal by Nick Shore - Avalanche : 0 - BlueJackets : 2.
9:49 of 1st period - Ryan Garbutt wins face-off versus Scott Hartnell in neutral zone.
10:13 of 1st period - Teddy Purcell is hit by Scott Hartnell and loses puck.
10:36 of 1st period - Seth Helgeson is hit by Jason Zucker and loses puck.
10:54 of 1st period - Penalty to Chris Wagner is over, Chris Wagner is back on ice.
11:03 of 1st period - Dan Hamhuis is hit by Seth Helgeson and loses puck.
11:19 of 1st period - Icing by Dan Hamhuis.
11:20 of 1st period - Carl Klingberg wins face-off versus Andrej Nestrasil in Avalanche zone.
11:21 of 1st period - Slapshot by Patrick Wiercioch.
11:21 of 1st period - Deflect By Chris Wagner.
11:21 of 1st period - Shot Blocked by Dan Hamhuis.
11:21 of 1st period - Puck is out of play.
11:22 of 1st period - Carl Klingberg wins face-off versus Mark Scheifele in Avalanche zone.
11:35 of 1st period - Snap shot by Mark Scheifele.
11:35 of 1st period - Shot Misses the Net.
11:37 of 1st period - Slapshot by Jonas Brodin.
11:37 of 1st period - Shot Blocked by Andrej Meszaros.
11:47 of 1st period - Chris Wagner is hit by Bobby Ryan and loses puck.
13:03 of 1st period - Wrist shot by Scott Hartnell.
13:03 of 1st period - Goal by Scott Hartnell - Avalanche : 1 - BlueJackets : 2.
13:04 of 1st period - Mark Scheifele wins face-off versus Sam Gagner in neutral zone.
13:14 of 1st period - Snap shot by Sam Gagner.
13:14 of 1st period - Deflect By Matt Nieto.
13:14 of 1st period - Stopped by Eddie Lack with a rebound.
13:16 of 1st period - Wrist shot by Seth Helgeson.
13:16 of 1st period - Shot Blocked by Dan Hamhuis.
13:18 of 1st period - Slapshot by Seth Helgeson.
13:18 of 1st period - Deflect By Sam Gagner.
13:18 of 1st period - Stopped by Eddie Lack without a rebound.
13:19 of 1st period - Mark Scheifele wins face-off versus Sam Gagner in Avalanche zone.
13:28 of 1st period - Snap shot by Matt Nieto.
13:28 of 1st period - Stopped by Eddie Lack without a rebound.
13:29 of 1st period - Ryan O'Reilly wins face-off versus Victor Rask in Avalanche zone.
13:34 of 1st period - Snap shot by Jason Zucker.
13:34 of 1st period - Shot Misses the Net.
14:44 of 1st period - Snap shot by David Pastrnak.
14:44 of 1st period - Shot Misses the Net.
14:46 of 1st period - Slapshot by Jonas Brodin.
14:46 of 1st period - Stopped by Anders Lindback without a rebound.
14:47 of 1st period - Rickard Rakell wins face-off versus Carl Klingberg in BlueJackets zone.
14:50 of 1st period - Snap shot by Joffrey Lupul.
14:50 of 1st period - Stopped by Anders Lindback with a rebound.
14:52 of 1st period - Slapshot by Joffrey Lupul.
14:52 of 1st period - Shot Misses the Net.
14:54 of 1st period - Snap shot by Matt Moulson.
14:54 of 1st period - Stopped by Anders Lindback without a rebound.
14:55 of 1st period - Rickard Rakell wins face-off versus Carl Klingberg in BlueJackets zone.
15:10 of 1st period - Wrist shot by Joffrey Lupul.
15:10 of 1st period - Deflect By Matt Moulson.
15:10 of 1st period - Stopped by Anders Lindback without a rebound.
15:11 of 1st period - Victor Rask wins face-off versus Mark Scheifele in BlueJackets zone.
15:15 of 1st period - Off-side.
15:16 of 1st period - Victor Rask wins face-off versus Mark Scheifele in neutral zone.
15:33 of 1st period - Wrist shot by David Pastrnak.
15:33 of 1st period - Shot Misses the Net.
15:35 of 1st period - Minor Penalty to Ryan Garbutt for High sticking.
15:36 of 1st period - Chris Wagner wins face-off versus Bobby Ryan in BlueJackets zone.
15:54 of 1st period - Wrist shot by Scott Hartnell.
15:54 of 1st period - Shot Misses the Net.
16:04 of 1st period - Slapshot by Bobby Ryan.
16:04 of 1st period - Goal by Bobby Ryan - Avalanche : 2 - BlueJackets : 2.
16:05 of 1st period - Sam Gagner wins face-off versus Ryan O'Reilly in neutral zone.
16:13 of 1st period - Backhand shot by Matt Nieto.
16:13 of 1st period - Shot Blocked by David Rundblad.
16:26 of 1st period - Snap shot by Ryan O'Reilly.
16:26 of 1st period - Deflect By Scott Hartnell.
16:26 of 1st period - Shot Misses the Net.
16:26 of 1st period - Puck is out of play.
16:27 of 1st period - Mark Scheifele wins face-off versus Victor Rask in BlueJackets zone.
16:50 of 1st period - Snap shot by Bobby Ryan.
16:50 of 1st period - Goal by Bobby Ryan - Avalanche : 3 - BlueJackets : 2.
16:51 of 1st period - Sam Gagner wins face-off versus Ryan O'Reilly in neutral zone.
17:28 of 1st period - Wrist shot by Teddy Purcell.
17:28 of 1st period - Shot Misses the Net.
19:17 of 1st period - Snap shot by Rickard Rakell.
19:17 of 1st period - Deflect By Matt Moulson.
19:17 of 1st period - Shot Blocked by Chad Ruhwedel.
19:17 of 1st period - Puck is out of play.
19:18 of 1st period - Colton Sceviour wins face-off versus Sam Gagner in BlueJackets zone.
Goals for this period are 3 for Avalanche vs 2 for BlueJackets.
Shots for this period are 9 for Avalanche vs 8 for BlueJackets.

2nd period


0:01 of 2nd period - Jason Zucker wins face-off versus Sam Gagner in neutral zone.
0:12 of 2nd period - Wrist shot by Scott Hartnell.
0:12 of 2nd period - Deflect By Ryan O'Reilly.
0:12 of 2nd period - Shot Hit the Post.
0:12 of 2nd period - Puck is out of play.
0:13 of 2nd period - Ryan O'Reilly wins face-off versus Sam Gagner in BlueJackets zone.
0:43 of 2nd period - Ryan O'Reilly is hit by Teddy Purcell and loses puck.
0:54 of 2nd period - Sam Gagner is hit by Scott Hartnell and loses puck.
1:19 of 2nd period - Slapshot by Victor Rask.
1:19 of 2nd period - Deflect By Ryan Garbutt.
1:19 of 2nd period - Stopped by Eddie Lack without a rebound.
1:20 of 2nd period - Victor Rask wins face-off versus Rickard Rakell in Avalanche zone.
1:31 of 2nd period - Snap shot by Ryan Garbutt.
1:31 of 2nd period - Shot Misses the Net.
1:33 of 2nd period - Snap shot by Ryan Garbutt.
1:33 of 2nd period - Shot Blocked by Matt Moulson.
1:35 of 2nd period - Snap shot by Ryan Garbutt.
1:35 of 2nd period - Stopped by Eddie Lack with a rebound.
1:37 of 2nd period - Backhand shot by Raphael Diaz.
1:37 of 2nd period - Deflect By David Rundblad.
1:37 of 2nd period - Stopped by Eddie Lack with a rebound.
2:00 of 2nd period - Icing by Rickard Rakell.
2:01 of 2nd period - Rickard Rakell wins face-off versus Chris Wagner in Avalanche zone.
2:29 of 2nd period - Snap shot by Bobby Ryan.
2:29 of 2nd period - Stopped by Anders Lindback with a rebound.
2:31 of 2nd period - Snap shot by Nate Prosser.
2:31 of 2nd period - Stopped by Anders Lindback without a rebound.
2:32 of 2nd period - Ryan O'Reilly wins face-off versus Magnus Paajarvi in BlueJackets zone.
2:50 of 2nd period - Minor Penalty to Scott Hartnell for High sticking.
2:51 of 2nd period - Ryan O'Reilly wins face-off versus Sam Gagner in Avalanche zone.
3:16 of 2nd period - Slapshot by Sam Gagner.
3:16 of 2nd period - Goal by Sam Gagner - Avalanche : 3 - BlueJackets : 3.
3:17 of 2nd period - Chris Thorburn wins face-off versus Mark Scheifele in neutral zone.
4:14 of 2nd period - Jonas Brodin is hit by Sam Gagner.
5:07 of 2nd period - Icing by Jason Zucker.
5:08 of 2nd period - Ryan O'Reilly wins face-off versus Magnus Paajarvi in Avalanche zone.
5:28 of 2nd period - Minor Penalty to Joffrey Lupul for High sticking.
5:29 of 2nd period - Victor Rask wins face-off versus Ryan O'Reilly in Avalanche zone.
6:22 of 2nd period - Rickard Rakell is hit by Teddy Purcell and loses puck.
6:33 of 2nd period - Dan Hamhuis is hit by Brian Dumoulin.
6:52 of 2nd period - Icing by Teddy Purcell.
6:53 of 2nd period - Victor Rask wins face-off versus Colton Sceviour in BlueJackets zone.
7:07 of 2nd period - Brad Stuart is hit by Seth Helgeson and loses puck.
7:18 of 2nd period - Wrist shot by Teddy Purcell.
7:18 of 2nd period - Stopped by Eddie Lack with a rebound.
7:20 of 2nd period - Slapshot by Matt Nieto.
7:20 of 2nd period - Stopped by Eddie Lack with a rebound.
7:22 of 2nd period - Wrist shot by Matt Nieto.
7:22 of 2nd period - Shot Hit the Post.
7:24 of 2nd period - Slapshot by Patrick Wiercioch.
7:24 of 2nd period - Stopped by Eddie Lack with a rebound.
7:26 of 2nd period - Snap shot by Matt Nieto.
7:26 of 2nd period - Deflect By Teddy Purcell.
7:26 of 2nd period - Shot Misses the Net.
7:26 of 2nd period - Puck is out of play.
7:27 of 2nd period - Ryan O'Reilly wins face-off versus Sam Gagner in Avalanche zone.
7:27 of 2nd period - Ryan O'Reilly is hit by Patrick Wiercioch.
7:28 of 2nd period - Penalty to Joffrey Lupul is over, Joffrey Lupul is back on ice.
7:49 of 2nd period - Slapshot by Patrick Wiercioch.
7:49 of 2nd period - Stopped by Eddie Lack with a rebound.
7:56 of 2nd period - Minor Penalty to Nate Prosser for Roughing.
7:57 of 2nd period - Victor Rask wins face-off versus Ryan O'Reilly in Avalanche zone.
9:55 of 2nd period - Brian Dumoulin is hit by Dan Hamhuis and loses puck.
9:56 of 2nd period - Penalty to Nate Prosser is over, Nate Prosser is back on ice.
10:08 of 2nd period - Raphael Diaz is hit by Colton Sceviour and loses puck.
10:29 of 2nd period - Slapshot by Derek Dorsett.
10:29 of 2nd period - Goal by Derek Dorsett - Avalanche : 3 - BlueJackets : 4.
10:30 of 2nd period - Carl Klingberg wins face-off versus Mark Scheifele in neutral zone.
10:33 of 2nd period - Snap shot by Derek Dorsett.
10:33 of 2nd period - Shot Misses the Net.
10:45 of 2nd period - Nate Prosser is hit by Chris Wagner and loses puck.
10:52 of 2nd period - Snap shot by Derek Dorsett.
10:52 of 2nd period - Shot Misses the Net.
11:28 of 2nd period - Wrist shot by Victor Rask.
11:28 of 2nd period - Stopped by Eddie Lack without a rebound.
11:29 of 2nd period - Rickard Rakell wins face-off versus Magnus Paajarvi in Avalanche zone.
12:22 of 2nd period - Snap shot by Andrej Nestrasil.
12:22 of 2nd period - Shot Misses the Net.
12:24 of 2nd period - Snap shot by Brad Stuart.
12:24 of 2nd period - Stopped by Anders Lindback with a rebound.
12:26 of 2nd period - Slapshot by Brad Stuart.
12:26 of 2nd period - Stopped by Anders Lindback with a rebound.
12:28 of 2nd period - Snap shot by Ryan O'Reilly.
12:28 of 2nd period - Stopped by Anders Lindback with a rebound.
12:30 of 2nd period - Snap shot by Colton Sceviour.
12:30 of 2nd period - Shot Hit the Post.
12:56 of 2nd period - Wrist shot by Scott Hartnell.
12:56 of 2nd period - Shot Misses the Net.
12:58 of 2nd period - Slapshot by Ryan O'Reilly.
12:58 of 2nd period - Stopped by Anders Lindback without a rebound.
12:59 of 2nd period - Ryan O'Reilly wins face-off versus Ryan Garbutt in BlueJackets zone.
14:23 of 2nd period - Minor Penalty to Derek Dorsett for Boarding.
14:24 of 2nd period - Ryan O'Reilly wins face-off versus Ryan Garbutt in BlueJackets zone.
14:33 of 2nd period - Snap shot by Bobby Ryan.
14:33 of 2nd period - Stopped by Anders Lindback with a rebound.
14:35 of 2nd period - Snap shot by Ryan O'Reilly.
14:35 of 2nd period - Shot Misses the Net.
14:37 of 2nd period - Slapshot by Jason Zucker.
14:37 of 2nd period - Goal by Jason Zucker - Avalanche : 4 - BlueJackets : 4.
14:38 of 2nd period - Rickard Rakell wins face-off versus Victor Rask in neutral zone.
14:53 of 2nd period - Wrist shot by Victor Rask.
14:53 of 2nd period - Stopped by Eddie Lack with a rebound.
15:25 of 2nd period - Raphael Diaz is hit by Brad Stuart and loses puck.
15:37 of 2nd period - Brad Stuart is hit by Derek Dorsett and loses puck.
15:52 of 2nd period - Slapshot by Patrick Wiercioch.
15:52 of 2nd period - Deflect By Brad Stuart.
15:52 of 2nd period - Stopped by Eddie Lack with a rebound.
15:54 of 2nd period - Slapshot by Andrej Meszaros.
15:54 of 2nd period - Stopped by Eddie Lack with a rebound.
15:56 of 2nd period - Slapshot by Carl Klingberg.
15:56 of 2nd period - Stopped by Eddie Lack with a rebound.
16:22 of 2nd period - Snap shot by Sam Gagner.
16:22 of 2nd period - Stopped by Eddie Lack with a rebound.
16:24 of 2nd period - Snap shot by Sam Gagner.
16:24 of 2nd period - Stopped by Eddie Lack with a rebound.
Goals for this period are 1 for Avalanche vs 2 for BlueJackets.
Shots for this period are 8 for Avalanche vs 16 for BlueJackets.

3rd period


0:01 of 3rd period - Ryan O'Reilly wins face-off versus Sam Gagner in neutral zone.
1:37 of 3rd period - Slapshot by Derek Dorsett.
1:37 of 3rd period - Shot Blocked by Joffrey Lupul.
1:43 of 3rd period - Slapshot by Dan Hamhuis.
1:43 of 3rd period - Shot Misses the Net.
1:45 of 3rd period - Wrist shot by Dan Hamhuis.
1:45 of 3rd period - Shot Blocked by Seth Helgeson.
2:03 of 3rd period - Snap shot by Joffrey Lupul.
2:03 of 3rd period - Deflect By Rickard Rakell.
2:03 of 3rd period - Stopped by Anders Lindback with a rebound.
2:05 of 3rd period - Slapshot by Dan Hamhuis.
2:05 of 3rd period - Deflect By Rickard Rakell.
2:05 of 3rd period - Shot Blocked by Raphael Diaz.
2:05 of 3rd period - Puck is out of play.
2:06 of 3rd period - Andrej Nestrasil wins face-off versus Sam Gagner in BlueJackets zone.
2:19 of 3rd period - Wrist shot by Sam Gagner.
2:19 of 3rd period - Shot Misses the Net.
3:57 of 3rd period - Derek Dorsett is hit by Joffrey Lupul and loses puck.
4:04 of 3rd period - Wrist shot by Derek Dorsett.
4:04 of 3rd period - Stopped by Eddie Lack with a rebound.
4:06 of 3rd period - Snap shot by Derek Dorsett.
4:06 of 3rd period - Goal by Derek Dorsett - Avalanche : 4 - BlueJackets : 5.
4:07 of 3rd period - Ryan O'Reilly wins face-off versus Victor Rask in neutral zone.
4:18 of 3rd period - Wrist shot by Victor Rask.
4:18 of 3rd period - Shot Misses the Net.
4:20 of 3rd period - Slapshot by Seth Helgeson.
4:20 of 3rd period - Shot Misses the Net.
4:22 of 3rd period - Wrist shot by Ryan Garbutt.
4:22 of 3rd period - Goal by Ryan Garbutt - Avalanche : 4 - BlueJackets : 6.
4:22 of 3rd period - Jack Campbell enters game.
4:23 of 3rd period - Sam Gagner wins face-off versus Ryan O'Reilly in neutral zone.
4:27 of 3rd period - Minor Penalty to Scott Hartnell for Hooking.
4:28 of 3rd period - Sam Gagner wins face-off versus Ryan O'Reilly in Avalanche zone.
5:18 of 3rd period - Snap shot by Jason Zucker.
5:18 of 3rd period - Stopped by Anders Lindback with a rebound.
5:38 of 3rd period - Nate Prosser is hit by Ryan Garbutt and loses puck.
6:27 of 3rd period - Penalty to Scott Hartnell is over, Scott Hartnell is back on ice.
6:56 of 3rd period - Wrist shot by David Pastrnak.
6:56 of 3rd period - Shot Misses the Net.
6:58 of 3rd period - Snap shot by Dan Hamhuis.
6:58 of 3rd period - Shot Misses the Net.
7:19 of 3rd period - Icing by Seth Helgeson.
7:20 of 3rd period - Rickard Rakell wins face-off versus Carl Klingberg in BlueJackets zone.
7:37 of 3rd period - Minor Penalty to Jonas Brodin for Slashing.
7:38 of 3rd period - Ryan O'Reilly wins face-off versus Victor Rask in Avalanche zone.
8:14 of 3rd period - Ryan O'Reilly is hit by Victor Rask and loses puck.
8:29 of 3rd period - Matt Nieto is hit by Colton Sceviour and loses puck.
9:32 of 3rd period - Teddy Purcell is hit by Scott Hartnell and loses puck.
9:37 of 3rd period - Penalty to Jonas Brodin is over, Jonas Brodin is back on ice.
10:01 of 3rd period - Wrist shot by Bobby Ryan.
10:01 of 3rd period - Stopped by Anders Lindback with a rebound.
10:05 of 3rd period - Snap shot by David Pastrnak.
10:05 of 3rd period - Goal by David Pastrnak - Avalanche : 5 - BlueJackets : 6.
10:06 of 3rd period - Carl Klingberg wins face-off versus Rickard Rakell in neutral zone.
10:21 of 3rd period - Wrist shot by Carl Klingberg.
10:21 of 3rd period - Shot Blocked by Rickard Rakell.
10:23 of 3rd period - Wrist shot by Derek Dorsett.
10:23 of 3rd period - Shot Misses the Net.
10:33 of 3rd period - Wrist shot by Chris Wagner.
10:33 of 3rd period - Shot Blocked by Joffrey Lupul.
10:35 of 3rd period - Slapshot by Chad Ruhwedel.
10:35 of 3rd period - Shot Misses the Net.
10:37 of 3rd period - Snap shot by Derek Dorsett.
10:37 of 3rd period - Shot Misses the Net.
10:39 of 3rd period - Backhand shot by Brian Dumoulin.
10:39 of 3rd period - Stopped by Jack Campbell with a rebound.
10:41 of 3rd period - Snap shot by Chris Wagner.
10:41 of 3rd period - Shot Misses the Net.
10:43 of 3rd period - Snap shot by Brian Dumoulin.
10:43 of 3rd period - Stopped by Jack Campbell with a rebound.
10:59 of 3rd period - Snap shot by David Pastrnak.
10:59 of 3rd period - Shot Misses the Net.
12:17 of 3rd period - Ryan Garbutt is hit by Ryan O'Reilly and loses puck.
12:42 of 3rd period - Wrist shot by Joffrey Lupul.
12:42 of 3rd period - Deflect By Patrick Wiercioch.
12:42 of 3rd period - Shot Blocked by Ryan Garbutt.
12:42 of 3rd period - Puck is out of play.
12:43 of 3rd period - Joffrey Lupul wins face-off versus Carl Klingberg in BlueJackets zone.
12:44 of 3rd period - Snap shot by Matt Moulson.
12:44 of 3rd period - Shot Misses the Net.
12:46 of 3rd period - Snap shot by Matt Moulson.
12:46 of 3rd period - Shot Misses the Net.
12:48 of 3rd period - Wrist shot by Rickard Rakell.
12:48 of 3rd period - Stopped by Anders Lindback with a rebound.
13:00 of 3rd period - Minor Penalty to Chris Wagner for Tripping.
13:01 of 3rd period - Ryan Garbutt wins face-off versus Ryan O'Reilly in BlueJackets zone.
13:14 of 3rd period - Slapshot by Jason Zucker.
13:14 of 3rd period - Stopped by Anders Lindback with a rebound.
13:16 of 3rd period - Slapshot by Jason Zucker.
13:16 of 3rd period - Shot Blocked by Patrick Wiercioch.
13:18 of 3rd period - Slapshot by Matt Dumba.
13:18 of 3rd period - Stopped by Anders Lindback with a rebound.
13:20 of 3rd period - Wrist shot by Jason Zucker.
13:20 of 3rd period - Shot Blocked by Andrej Meszaros.
13:30 of 3rd period - Teddy Purcell is hit by Matt Dumba and loses puck.
13:39 of 3rd period - Wrist shot by Matt Moulson.
13:39 of 3rd period - Shot Misses the Net.
13:45 of 3rd period - Slapshot by Joffrey Lupul.
13:45 of 3rd period - Stopped by Anders Lindback with a rebound.
14:42 of 3rd period - Seth Helgeson is hit by Dan Hamhuis and loses puck.
15:00 of 3rd period - Penalty to Chris Wagner is over, Chris Wagner is back on ice.
15:15 of 3rd period - Chad Ruhwedel is hit by Rickard Rakell and loses puck.
15:20 of 3rd period - Slapshot by Rickard Rakell.
15:20 of 3rd period - Shot Misses the Net.
15:22 of 3rd period - Snap shot by Colton Sceviour.
15:22 of 3rd period - Stopped by Anders Lindback with a rebound.
15:24 of 3rd period - Slapshot by Jonas Brodin.
15:24 of 3rd period - Shot Misses the Net.
15:26 of 3rd period - Slapshot by Jonas Brodin.
15:26 of 3rd period - Stopped by Anders Lindback with a rebound.
15:28 of 3rd period - Slapshot by Brad Stuart.
15:28 of 3rd period - Stopped by Anders Lindback without a rebound.
15:29 of 3rd period - Andrej Nestrasil wins face-off versus Chris Wagner in BlueJackets zone.
16:02 of 3rd period - Chad Ruhwedel is hit by Brad Stuart and loses puck.
16:25 of 3rd period - Raphael Diaz is hit by Scott Hartnell and loses puck.
16:32 of 3rd period - Jason Zucker is hit by Matt Nieto and loses puck.
16:59 of 3rd period - Jason Zucker is hit by Chris Thorburn.
17:29 of 3rd period - Rickard Rakell is hit by Nick Shore and loses puck.
18:09 of 3rd period - Wrist shot by Bobby Ryan.
18:09 of 3rd period - Shot Misses the Net.
18:50 of 3rd period - Snap shot by Bobby Ryan.
18:50 of 3rd period - Shot Blocked by Derek Dorsett.
18:52 of 3rd period - Slapshot by Nate Prosser.
18:52 of 3rd period - Stopped by Anders Lindback with a rebound.
18:54 of 3rd period - Snap shot by Matt Dumba.
18:54 of 3rd period - Shot Misses the Net.
18:56 of 3rd period - Snap shot by Bobby Ryan.
18:56 of 3rd period - Goal by Bobby Ryan - Avalanche : 6 - BlueJackets : 6.
18:57 of 3rd period - Victor Rask wins face-off versus Rickard Rakell in neutral zone.
19:27 of 3rd period - Icing by David Rundblad.
19:28 of 3rd period - Carl Klingberg wins face-off versus Rickard Rakell in Avalanche zone.
19:57 of 3rd period - Snap shot by Derek Dorsett.
19:57 of 3rd period - Stopped by Jack Campbell without a rebound.
19:58 of 3rd period - Mark Scheifele wins face-off versus Victor Rask in Avalanche zone.
Goals for this period are 2 for Avalanche vs 2 for BlueJackets.
Shots for this period are 13 for Avalanche vs 6 for BlueJackets.

Overtime #1


0:01 of 1st overtime period - Ryan O'Reilly wins face-off versus Ryan Garbutt in neutral zone.
0:06 of 1st overtime period - Wrist shot by Scott Hartnell.
0:06 of 1st overtime period - Stopped by Anders Lindback with a rebound.
0:08 of 1st overtime period - Slapshot by Jason Zucker.
0:08 of 1st overtime period - Deflect By Ryan O'Reilly.
0:08 of 1st overtime period - Goal by Ryan O'Reilly - Avalanche : 7 - BlueJackets : 6.
Goals for this period are 1 for Avalanche vs 0 for BlueJackets.
Shots for this period are 2 for Avalanche vs 0 for BlueJackets.